 Dungeon Crawl Stone Soup version 0.20.0-15-g7f486f2 (webtiles) character file.

2968 QuCean the Cutter (level 9, -7/71 HPs)
             Began as a White Draconian Fire Elementalist on June 17, 2017.
             Mangled by a wyvern (11 damage)
             ... on level 8 of the Dungeon.
             The game lasted 00:46:54 (13163 turns).

QuCean the Cutter (DrFE)                           Turns: 13163, Time: 00:46:55

Health: -7/71      AC:  9    Str: 10    XL:     9   Next: 52%
Magic:  13/16      EV: 11    Int: 19    God:
Gold:   332        SH:  8    Dex: 12    Spells: 12/18 levels left

rFire    + + .     SeeInvis .   i - +2 rapier (elec)
rCold    x . .     Gourm    .   k - +0 shield
rNeg     . . .     Faith    .   (armour unavailable)
rPois    .         Spirit   .   (helmet restricted)
rElec    .         Reflect  .   (no cloak)
rCorr    .         Harm     .   (no gloves)
MR       .....                  o - +1 pair of boots
Stlth    ++........             (no amulet)
Regen    0.3/turn               s - ring of fire
MPRegen  0.2/turn               D - ring of fire

@: no status effects
A: breathe frost, unfitting armour, cold resistance 1, wild magic 1,
cold-blooded, AC +7
a: Breathe Frost


You were on level 8 of the Dungeon.
You were not hungry.

You visited 2 branches of the dungeon, and saw 9 of its levels.
You also visited: Sewer.

You collected 332 gold pieces.

Inventory:

Hand Weapons
 b - a cursed -3 dagger
 i - a +2 rapier of electrocution (weapon)
 n - a +0 scimitar
 v - a +1 short sword of venom
 B - a +1 flail
 E - a +4 great sword
 F - a +3 dagger
Armour
 e - a +0 pair of boots
 k - a +0 shield (worn)
 o - a +1 pair of boots (worn)
Jewellery
 s - a ring of fire (left hand)
 D - a ring of fire (right hand)
Wands
 g - a wand of polymorph (16/24)
 y - a wand of digging (13/24)
 J - a wand of iceblast (7/15)
 L - a wand of flame (22/48)
Scrolls
 d - 7 scrolls of teleportation
 p - a scroll of fog
 t - a scroll of enchant weapon
 u - a scroll of recharging
 w - a scroll of remove curse {unknown}
 H - a scroll of amnesia
Potions
 c - 8 potions of heal wounds
 f - 2 potions of mutation {unknown}
 j - 3 potions of flight {unknown}
 l - 4 potions of curing
 m - 4 potions of brilliance
 r - 3 potions of degeneration {unknown}
 x - 2 potions of agility {unknown}
 z - 3 potions of cancellation {unknown}
 C - a potion of magic {unknown}
 G - 3 potions of lignification {unknown}
Books
 a - a book of Flames

   Spells                             Type                      Level
   a - Flame Tongue                   Conjuration/Fire             1
   b - Throw Flame                    Conjuration/Fire             2
   c - Conjure Flame                  Conjuration/Fire             3
   d - Inner Flame                    Hexes/Fire                   3
   e - Sticky Flame                   Conjuration/Fire             4
   f - Fireball                       Conjuration/Fire             5
Comestibles
 h - 2 royal jellies
 q - 5 fruits


   Skills:
 + Level 3.7 Fighting
 * Level 7.1 Short Blades
 + Level 3.9 Dodging
 + Level 3.2 Stealth
 + Level 3.3 Shields
 + Level 0.6 Unarmed Combat
 + Level 5.0 Spellcasting
 + Level 4.5 Conjurations
 + Level 4.8 Fire Magic


You had 12 spell levels left.
You knew the following spells:

 Your Spells              Type           Power        Failure   Level  Hunger
a - Flame Tongue          Conj/Fire      #####        13%         1    None
b - Throw Flame           Conj/Fire      ######       17%         2    #......
c - Conjure Flame         Conj/Fire      ######..     32%         3    ##.....


Dungeon Overview and Level Annotations

Branches:
Dungeon (8/15)             Temple (1/1) D:7
   Lair: D:8-11

Altars:
Ashenzari
Cheibriados
Dithmenos
Elyvilon
Gozag
Hepliaklqana
Kikubaaqudgha
Makhleb
Nemelex Xobeh
Okawaru
Qazlal
Sif Muna
Trog
Uskayaw
Yredelemnul
Zin
The Shining One


Innate Abilities, Weirdness & Mutations

You can breathe waves of freezing cold.
You can buffet flying creatures when you breathe cold.
Your icy white scales are hard. (AC +7)
You cannot fit into any form of body armour.
Your flesh is cold resistant. (rC+)
You are cold-blooded and may be slowed by cold attacks.
Your spells are a little harder to cast, but a little more powerful.


Message History

You block the wyvern's attack. The wyvern bites you!
* * * LOW HITPOINT WARNING * * *
The wyvern bites you but does no damage.
Casting: Flame Tongue
Confirm with . or Enter, or press ? or * to list all spells.
Aiming: Flame Tongue
Press: ? - help, Shift-Dir - straight line, f/p - wyvern
Aim: a wyvern (almost dead)
You feel a strong surge of power!
The flame tongue hits the wyvern.
The wyvern appears unharmed.
The wyvern is almost dead.
The wyvern misses you. The wyvern bites you.
* * * LOW HITPOINT WARNING * * *
You hit the wyvern but do no damage.
The wyvern is almost dead.
The wyvern closely misses you.
You hit the wyvern but do no damage. You tail-slap the wyvern.
The wyvern is almost dead.
The wyvern bites you!
You die...

###.# #...#
#.### #<#
#.# #.# ##
#.# .. #.#
.# #@# .#
#l# .# #.#
.#
#.##.##.###
#..........
####.##>...
.# # .# ..


You could see a wyvern.

Vanquished Creatures
  Prince Ribbit (D:5)
  Grinder (D:5)
  6 sky beasts
  An ice beast (D:7)
  3 phantoms
  2 black bears (D:7)
  3 ogres (D:4)
  A water moccasin skeleton (D:7)
  A scorpion (D:4)
  5 wights (D:6)
  A howler monkey (D:5)
  7 crimson imps
  2 hounds
  A bullfrog skeleton (D:6)
  An orc priest (D:7)
  A centaur skeleton (D:7)
  An iron imp (D:7)
  An iguana (D:6)
  3 orc wizards
  2 worker ants (D:4)
  6 adders
  6 river rats (Sewer)
  4 shadow imps
  3 oozes
  2 adder skeletons
  7 worms
  3 dart slugs
  5 leopard geckos
  13 orcs
  6 ball pythons
  10 bats
  6 giant cockroaches
  9 goblins
  5 hobgoblins
  4 jackals
  3 quokkas
  A ball python zombie (D:5)
  4 frilled lizards
  A jackal skeleton (D:4)
  20 kobolds
  A quokka zombie (D:5)
  24 rats
187 creatures vanquished.

Vanquished Creatures (others)
  An adder (D:5)
  A dart slug (D:5)
2 creatures vanquished.

Grand Total: 189 creatures vanquished

Notes
Turn   | Place    | Note
-------+----------+-------------------------------------------
     0 | D:1      | QuCean the Draconian Fire Elementalist began the quest for the Orb.
     0 | D:1      | Reached XP level 1. HP: 14/14 MP: 3/3
   180 | D:1      | Reached XP level 2. HP: 2/20 MP: 0/5
  1453 | D:2      | Reached XP level 3. HP: 10/26 MP: 0/6
  2759 | D:2      | Reached skill level 1 in Short Blades
  2818 | D:2      | Found a basalt altar of Yredelemnul.
  3103 | D:3      | Reached XP level 4. HP: 33/33 MP: 5/7
  3146 | D:3      | Found a hide-covered altar of Uskayaw.
  3358 | D:3      | Found a glowing drain.
  3610 | Sewer    | Entered a sewer
  3817 | Sewer    | Reached skill level 2 in Short Blades
  3945 | Sewer    | Reached skill level 1 in Fighting
  4015 | Sewer    | Reached XP level 5. HP: 35/40 MP: 8/8
  4661 | D:3      | Found a hazy altar of Hepliaklqana.
  4986 | D:4      | Noticed an ogre
  4994 | D:4      | Killed an ogre
  4994 | D:4      | Reached XP level 6. HP: 47/47 MP: 5/10
  5190 | D:4      | Reached skill level 3 in Short Blades
  6219 | D:5      | Entered Level 5 of the Dungeon
  6366 | D:5      | Noticed Prince Ribbit
  6376 | D:5      | Your scales start taking on an icy white colour.
  6376 | D:5      | Reached XP level 7. HP: 46/53 MP: 9/12
  6376 | D:5      | Gained mutation: Your flesh is cold resistant. (rC+) [White Draconian growth]
  6576 | D:4      | Reached skill level 1 in Shields
  6677 | D:5      | Killed Prince Ribbit
  7234 | D:5      | Reached skill level 4 in Short Blades
  7432 | D:5      | Reached XP level 8. HP: 35/62 MP: 14/14
  7614 | D:5      | Found a stormy altar of Qazlal.
  7732 | D:5      | Found a deep blue altar of Sif Muna.
  8394 | D:6      | Reached skill level 5 in Short Blades
  9438 | D:6      | Noticed Grinder
  9439 | D:6      | Paralysed by Grinder for 6 turns
  9466 | D:6      | Paralysed by Grinder for 5 turns
 10017 | D:5      | Paralysed by Grinder for 4 turns
 10021 | D:5      | Killed Grinder
 10125 | D:6      | Reached skill level 6 in Short Blades
 10195 | D:6      | Learned a level 2 spell: Throw Flame
 10199 | D:6      | Learned a level 3 spell: Conjure Flame
 10317 | D:6      | Reached XP level 9. HP: 51/70 MP: 13/15
 10364 | D:6      | Found an opulent altar of Gozag.
 10987 | D:7      | Found a staircase to the Ecumenical Temple.
 11146 | D:7      | Found a glowing golden altar of the Shining One.
 11165 | D:7      | Found a snail-covered altar of Cheibriados.
 11258 | D:7      | Gained mutation: Your spells are a little harder to cast, but a little more powerful. [mutagenic meat]
 11457 | D:7      | Found a shattered altar of Ashenzari.
 12499 | D:7      | Reached skill level 7 in Short Blades
 12833 | D:7      | Reached skill level 5 in Spellcasting
 12852 | Temple   | Entered the Ecumenical Temple
 13161 | D:8      | HP: 3/71 [wyvern (3)]
 13163 | D:8      | Mangled by a wyvern

Skill      XL: |  1  2  3  4  5  6  7  8  9 |
---------------+----------------------------+-----
Stealth        | 2 3 |  3.2
Short Blades   | 1 2 3 4 6 7 |  7.1
Fighting       | 1 2 3 |  3.7
Dodging        | 2 3 |  3.9
Fire Magic     | 4 3 4 |  4.8
Conjurations   | 2 3 4 |  4.5
Spellcasting   | 3 4 5 |  5.0
Shields        | 1 2 3 |  3.3
Unarmed Combat | |  0.6

Action                   |  1- 3 |  4- 6 |  7- 9 || total
-------------------------+-------+-------+-------++-------
Melee: Unarmed           |    45 |       |       ||    45
       Tailslap          |     9 |     4 |    19 ||    32
       Rapier            |    36 |   123 |   228 ||   387
 Cast: Flame Tongue      |    56 |    60 |   114 ||   230
  Use: Scroll            |     5 |     4 |     8 ||    17
       Potion            |       |     1 |     2 ||     3
 Stab: Sleeping          |     1 |     1 |       ||     2
  Eat: Chunk             |     5 |     3 |     5 ||    13
       Bread ration      |     1 |     1 |     1 ||     3
       Meat ration       |       |     1 |     1 ||     2
       Royal jelly       |       |       |     2 ||     2
       Fruit             |       |       |     1 ||     1
Armor: Skin              |    54 |    83 |    90 ||   227
Dodge: Dodged            |   102 |   117 |    84 ||   303
Block: Shield            |    18 |    68 |    77 ||   163
